 Dungeon Crawl Stone Soup version 0.29.1-1-gd02db6906a (webtiles) character file.

Game seed: 14284502078278413438

1117 mcbry74 the Chopper (level 8, -2/70 HPs)
             Began as a Minotaur Berserker on Oct 10, 2022.
             Was a Priest of Trog.
             Shot with an arrow by a centaur (7 damage)
             ... on level 5 of the Dungeon.
             The game lasted 00:09:28 (4594 turns).

mcbry74 the Chopper (Minotaur Berserker)            Turns: 4594, Time: 00:09:29

Health: -2/70      AC: 11    Str: 22    XL:     8   Next: 12%
Magic:  7/7        EV:  9    Int:  6    God:    Trog [***...]
Gold:   120        SH:  0    Dex: 10    Spells: 7/7 levels left

rFire   . . .      SeeInvis .   z - +2 whip (vamp)
rCold   . . .      Faith    .   (no shield)
rNeg    . . .      Spirit   .   v - +0 chain mail
rPois   .          Reflect  .   (helmet restricted)
rElec   .          Harm     .   k - +0 cloak
rCorr   .          Rampage  .   (no gloves)
Will    .....                   (no boots)
Stlth   ..........              (no amulet)
HPRegen 0.21/turn               (no ring)
MPRegen 0.10/turn               (no ring)

@: weakened
A: horns 2, retaliatory headbutt
a: Renounce Religion, Berserk, Trog's Hand


You were on level 5 of the Dungeon.
You worshipped Trog.
Trog was most pleased with you.
You visited 1 branch of the dungeon, and saw 5 of its levels.

You collected 120 gold pieces.

Inventory:

Hand Weapons
 a - a +0 hand axe
 f - a +0 hand axe
 x - the +10 sling of Kyolet {freeze, rN+ Str+4}
   (You found it on level 3 of the Dungeon)

   Any ammunition fired from it freezes those it strikes, dealing additional
   cold damage.
   It can also slow down cold-blooded creatures.
   Str:       It affects your strength (+4).
   rN:        It protects you from negative energy.
 y - a +0 whip
 z - a +2 vampiric whip (weapon)
Missiles
 g - 33 stones (quivered)
 u - 4 poisoned darts
Armour
 b - a +0 animal skin
 h - a +0 scale mail
 k - a +0 cloak (worn)
 q - a +1 robe of willpower
 v - a +0 chain mail (worn)
Jewellery
 s - a ring of poison resistance
 w - a +6 ring of intelligence
Wands
 p - a wand of flame (45)
Scrolls
 j - 14 scrolls of identify {unknown}
 l - 2 scrolls of torment {unknown}
 m - a scroll of magic mapping {unknown}
 o - 2 scrolls of blinking {unknown}
 r - 2 scrolls of poison {unknown}
 t - a scroll of noise {unknown}
 A - a scroll of amnesia {unknown}
 B - a scroll of acquirement {unknown}
 D - a scroll of fear {unknown}
Potions
 c - 3 potions of haste {unknown}
 d - 3 potions of degeneration {unknown}
 e - 2 potions of heal wounds {unknown}
 i - 5 potions of curing {unknown}
 n - a potion of attraction {unknown}
 C - a potion of flight {unknown}
 E - a potion of berserk rage {unknown}


   Skills:
 + Level 6.0 Fighting
 * Level 7.9 Axes
 + Level 2.9 Ranged Weapons
 + Level 5.4 Armour
 + Level 4.8 Dodging


You had 7 spell levels left.
You didn't know any spells.
Your spell library contained the following spells:

 Spells                   Type           Power      Damage    Failure   Level
 Ozocubu's Armour         Ice            0%         N/A       100%        3
 Metabolic Englaciation   Hex/Ice        0%         N/A       100%        5
 Simulacrum               Ice/Necr       0%         N/A       100%        6


Dungeon Overview and Level Annotations

Branches:
Dungeon (5/15)
 Temple: D:4-7

Altars:

Shops:
D:2 ?   D:4 (


Innate Abilities, Weirdness & Mutations

You have a pair of horns on your head.
You reflexively headbutt those who attack you in melee.


Message History

You feel the effects of Trog's Hand fading.
You feel sick. The orc hits you but does no damage.
The adder bites you but does no damage. The gnoll hits you but does no damage.
You barely miss the orc. You headbutt the orc.
You kill the orc!
Trog accepts your kill.
You feel sick.
The centaur shoots an arrow.
The arrow hits you but does no damage.
Found a glowing inky potion.
You feel sick.
The gnoll is no longer moving quickly.
The adder bites you but does no damage.
The gnoll bouda barks out a call to the hunt!
The gnoll picks up the pace!
You hit the centaur.
The centaur is moderately wounded.
You feel sick. The adder closely misses you.
The centaur unwields a +0 shortbow.
The centaur hits you.
* * * LOW HITPOINT WARNING * * *
The centaur kicks you but does no damage.
The gnoll closely misses you.
You barely miss the centaur.
The centaur is moderately wounded.
You feel sick. The centaur hits you.
* * * LOW HITPOINT WARNING * * *
The centaur kicks you but does no damage.
The gnoll bouda gazes fiercely through you!
You feel your attacks grow feeble.
You hit the centaur.
The centaur is heavily wounded.
The adder closely misses you.
The centaur hits you but does no damage.
The centaur kicks you but does no damage.
The adder barely misses you.
The gnoll hits you from afar with a +0 spear.
* * * LOW HITPOINT WARNING * * *
Your skin stops crawling.
You feel less strong-willed.
You feel sick.
You are no longer poisoned.
The centaur wields a +0 shortbow.
The centaur shoots an arrow.
The arrow hits you!
You die...

.... ...#
.#...# ...#
$#...#!#...#
.#...#...#..#
.............#
#...#...#....
.#$#...#.#..#
..#...#..g#@#
........ghS.#
......)..#cS#
.##...<#####
#...g#
....#.### #..
## ##


You could see a centaur, a gnoll bouda, a hound and 2 adders.

Vanquished Creatures
  Sigmund (D:3)
  A yak (D:4)
  An orc warrior (D:4)
  An ice beast (D:4)
  A phantom (D:5)
  The ghost of erker the Sneak, an amateur OpEE (D:4)
  A scorpion (D:4)
  An orc priest (D:4)
  4 orc wizards (D:4)
  Natasha (twice) (D:4)
  An iguana (D:5)
  6 adders
  3 gnolls
  A shadow imp (D:5)
  A white imp (D:5)
  An ufetubus (D:4)
  4 worms
  2 dart slugs
  11 orcs
  7 endoplasms
  2 giant cockroaches (D:1)
  3 goblins
  8 hobgoblins
  4 jackals (D:4)
  4 kobolds
  4 quokkas
  2 ball pythons (D:3)
  5 bats
  A frilled lizard (D:2)
  5 rats
89 creatures vanquished.

Notes
Turn   | Place    | Note
-------+----------+-------------------------------------------
     0 | D:1      | mcbry74 the Minotaur Berserker began the quest for the Orb.
     0 | D:1      | Reached XP level 1. HP: 19/19 MP: 0/0
   544 | D:1      | Reached XP level 2. HP: 26/27 MP: 1/1
   556 | D:1      | Reached skill level 4 in Axes
  1096 | D:2      | Found Jecalyph's Magic Scroll Shop.
  1560 | D:3      | Reached XP level 3. HP: 29/33 MP: 2/2
  1764 | D:3      | Reached XP level 4. HP: 28/40 MP: 3/3
  1769 | D:3      | Noticed Sigmund
  1780 | D:3      | Reached ** piety under Trog
  2094 | D:3      | Killed Sigmund
  2095 | D:3      | Reached skill level 5 in Axes
  2095 | D:3      | Reached XP level 5. HP: 34/47 MP: 4/4
  2451 | D:3      | Identified the +10 sling of Kyolet {freeze, rN+ Str+4}
  2843 | D:4      | Reached XP level 6. HP: 46/55 MP: 5/5
  3130 | D:4      | Noticed an ice beast
  3147 | D:4      | Killed an ice beast
  3148 | D:4      | Reached skill level 5 in Fighting
  3148 | D:4      | Reached skill level 6 in Axes
  3252 | D:4      | Noticed erker's ghost (amateur OpEE)
  3256 | D:4      | Found a runed translucent door.
  3259 | D:4      | Noticed an orc warrior
  3284 | D:4      | Reached skill level 1 in Ranged Weapons
  3294 | D:4      | Killed an orc warrior
  3586 | D:4      | Found Fegej's Weapon Shoppe.
  3615 | D:4      | Reached XP level 7. HP: 61/61 MP: 6/6
  3704 | D:4      | Noticed Natasha
  3721 | D:4      | Killed Natasha
  3883 | D:4      | Reached skill level 7 in Axes
  4093 | D:4      | Noticed Natasha
  4100 | D:4      | Killed Natasha
  4100 | D:4      | Reached *** piety under Trog
  4298 | D:4      | Killed erker's ghost
  4299 | D:4      | Reached skill level 5 in Armour
  4371 | D:5      | Entered Level 5 of the Dungeon
  4371 | D:5      | Noticed a yak
  4394 | D:4      | Killed a yak
  4395 | D:4      | Reached XP level 8. HP: 35/70 MP: 7/7
  4594 | D:5      | Shot with an arrow by a centaur

Illustrated notes

Levels and vault maps discovered:
D:1:      heliophobic_arrival_enchanted_forest, layout_basic
D:2:      layout_basic, serial_shops, nicolae_shop_behind_doors, minmay_bisected
D:3:      layout_basic, minmay_starry_boxes, uniq_sigmund
D:4:      layout_loops_ring, serial_shops, shop, hellmonk_ghost_happy_afterlife,
          uniq_natasha
D:5:      cheibrodos_fzero, layout_cave_pools,
          nicolae_wu_jian_immortal_techniques, nicolae_shop_vocational,
          uniq_edmund, uniq_duvessa

Skill      XL: |  1  2  3  4  5  6  7  8 |
---------------+-------------------------+-----
Axes           | 4 5 6 7 |  7.9
Fighting       | 4 5 6 |  6.0
Armour         | 3 4 5 |  5.4
Dodging        | 3 4 |  4.8
Ranged Weapons | 1 2 |  2.9

Action                   |  1- 3 |  4- 6 |  7- 9 || total
-------------------------+-------+-------+-------++-------
Melee: Hand axe          |    80 |    73 |       ||   153
       Headbutt          |    16 |    10 |    19 ||    45
       Whip              |       |    43 |   103 ||   146
       Punch             |       |     1 |     3 ||     4
 Fire: Sling             |       |     3 |       ||     3
Invok: Berserk           |       |     1 |     1 ||     2
       Trog's Hand       |       |       |     1 ||     1
  Use: Scroll            |     1 |       |       ||     1
Armor: Animal skin       |     7 |       |       ||     7
       Scale mail        |    17 |    13 |       ||    30
       Chain mail        |       |    36 |    81 ||   117
Dodge: Dodged            |    34 |    38 |    73 ||   145
